 Dungeon Crawl Stone Soup version 0.29.1-4-g47bece8355 (webtiles) character file.

Game seed: 7458519332106208383

413 safid the Shooter (level 6, 0/57 HPs)
             Began as a Minotaur Hunter on Dec 1, 2022.
             Slain by a gnoll
             ... wielding a +0 flail
              (6 damage)
             ... on level 4 of the Dungeon.
             The game lasted 00:05:02 (3712 turns).

safid the Shooter (Minotaur Hunter)                 Turns: 3712, Time: 00:05:02

Health: 0/57       AC:  9    Str: 15      XL:     6   Next: 59%
Magic:  5/5        EV: 10    Int:  5 (6)  God:
Gold:   198        SH:  0    Dex: 22      Spells: 5/5 levels left

rFire   . . .      SeeInvis +   a - +0 shortbow
rCold   . . .      Faith    .   (shield currently unavailable)
rNeg    . . .      Spirit   .   x - +0 scale mail
rPois   .          Reflect  .   (helmet restricted)
rElec   .          Harm     .   i - +1 cloak
rCorr   .          Rampage  .   (no gloves)
Will    .....                   b - +0 pair of boots
Stlth   +.........              (no amulet)
HPRegen 0.19/turn               p - ring of see invisible
MPRegen 0.09/turn               s - +6 ring of dexterity

@: no status effects
A: horns 2, retaliatory headbutt
a: no special abilities


You were on level 4 of the Dungeon.
You visited 2 branches of the dungeon, and saw 6 of its levels.

You collected 198 gold pieces.

Inventory:

Hand Weapons
 a - a +0 shortbow (weapon)
Armour
 b - a +0 pair of boots (worn)
 i - a +1 cloak (worn)
 x - a +0 scale mail (worn)
Jewellery
 h - a ring of fire
 j - a ring of protection from cold
 p - a ring of see invisible (left hand)
 s - a +6 ring of dexterity (right hand)
Scrolls
 e - 3 scrolls of identify {unknown}
 f - 2 scrolls of fear {unknown}
 l - 2 scrolls of blinking {unknown}
 n - a scroll of noise {unknown}
 o - a scroll of enchant armour {unknown}
 q - a scroll of teleportation {unknown}
 u - a scroll of vulnerability {unknown}
Potions
 d - a potion of invisibility
 g - a potion of flight {unknown}
 k - 3 potions of curing
 m - a potion of cancellation {unknown}
 r - a potion of might {unknown}
 t - a potion of heal wounds {unknown}
 v - a potion of magic {unknown}
 w - a potion of ambrosia {unknown}


   Skills:
 + Level 6.2 Fighting
 + Level 6.9 Ranged Weapons
 - Level 2.1 Dodging
 - Level 0.7 Stealth


You had 5 spell levels left.
You didn't know any spells.
Your spell library contained the following spells:

 Spells                   Type           Power      Damage    Failure   Level
 Freeze                   Ice            0%         1d3       92%         1
 Sublimation of Blood     Necr           0%         N/A       98%         2
 Wereblood                Tmut           0%         N/A       98%         2
 Frozen Ramparts          Ice            0%         1d1       100%        3
 Portal Projectile        Hex/Tloc       0%         N/A       100%        3
 Tukima's Dance           Hex            0%         N/A       100%        3
 Hailstorm                Conj/Ice       0%         3d3       100%        4
 Blade Hands              Tmut           0%         N/A       100%        5
 Summon Hydra             Summ           0%         N/A       100%        7


Dungeon Overview and Level Annotations

Branches:
Dungeon (5/15)             Temple (1/1) D:4

Altars:
Fedhas
Gozag
Hepliaklqana
Kikubaaqudgha
Makhleb
Nemelex Xobeh
Qazlal
Uskayaw
Vehumet
Xom
Yredelemnul
The Shining One

Annotations:
D:3 3 runed translucent doors, JJisdabomb's ghost, amateur DsFi
D:5 Blork the orc


Innate Abilities, Weirdness & Mutations

You have a pair of horns on your head.
You reflexively headbutt those who attack you in melee.


Message History

The gnoll hits you with a +0 flail.
Fire: a) +0 shortbow
Press: ? - help, Q - select action Shift-Dir - straight line, f/p - gnoll
Aim: a gnoll, wielding a +0 flail and quivering a throwing net (covering ground quickly, 72% to hit)
You shoot an arrow. The arrow closely misses the gnoll.
The gnoll closely misses you. You furiously retaliate!
You headbutt the gnoll, but do no damage.
The gnoll closely misses you. x2; The gnoll barely misses you.
The gnoll closely misses you. You furiously retaliate!
You headbutt the gnoll, but do no damage.
Fire: a) +0 shortbow
Press: ? - help, Q - select action Shift-Dir - straight line, f/p - gnoll
Aim: a gnoll, wielding a +0 flail and quivering a throwing net (covering ground quickly, 72% to hit)
You shoot an arrow. The arrow hits the gnoll.
The gnoll is lightly wounded.
The gnoll hits you with a +0 flail! The gnoll closely misses you.
The gnoll hits you with a +0 spear. The gnoll barely misses you.
You furiously retaliate!
You headbutt the gnoll, but do no damage.
Fire: a) +0 shortbow
Press: ? - help, Q - select action Shift-Dir - straight line, f/p - gnoll
Aim: a gnoll, wielding a +0 flail and quivering a throwing net (lightly wounded, covering ground quickly, 72% to hit)
You shoot an arrow. The arrow hits the gnoll!
The gnoll is severely wounded.
The gnoll hits you with a +0 flail! The gnoll hits you but does no damage.
The gnoll hits you with a +0 flail.
* * * LOW HITPOINT WARNING * * *
The gnoll hits you with a +0 flail.
* * * LOW HITPOINT WARNING * * *
Unknown command.
Fire: a) +0 shortbow
Press: ? - help, Q - select action Shift-Dir - straight line, f/p - gnoll
Aim: a gnoll, wielding a +0 flail and quivering a throwing net (severely wounded, covering ground quickly, 72% to hit)
You shoot an arrow. The arrow closely misses the gnoll.
The gnoll hits you with a +0 spear.
* * * LOW HITPOINT WARNING * * *
The gnoll hits you with a +0 flail.
* * * LOW HITPOINT WARNING * * *
The gnoll hits you with a +0 flail.
You die...

#...##############...........
####............#######.######.#
#.........#####.##...........#.#
#............##....#.#.#.#.#.#.#
#.........##.#####.......[...#.#
####....####.# #.#.......#...#
#....# #.# #.............#
#....####.#####.#...>.).#.#.#
##.#.......g@##.............#
#.######.##gg#.#.......#.#.. #.#
#.##..............### #.#
#.##.##.#.#.#.#.#.# #.#
#.##.##...........# #.#
#.##...........#### #.#
#.##.########### #.# #.##.# #.#
#.##.#


You could see 3 gnolls.

Vanquished Creatures
  A scorpion (D:5)
  A crimson imp (D:4)
  An orc priest (D:4)
  2 iguanas
  3 orc wizards (D:4)
  A gnoll (D:4)
  6 adders
  6 worms
  3 dart slugs
  5 orcs
  7 ball pythons
  3 bats
  7 endoplasms
  A giant cockroach (D:3)
  3 goblins
  3 hobgoblins
  8 jackals
  2 quokkas (D:1)
  5 frilled lizards
  6 kobolds
  7 rats
81 creatures vanquished.

Notes
Turn   | Place    | Note
-------+----------+-------------------------------------------
     0 | D:1      | safid the Minotaur Hunter began the quest for the Orb.
     0 | D:1      | Reached XP level 1. HP: 18/18 MP: 0/0
   243 | D:1      | Reached XP level 2. HP: 20/25 MP: 1/1
   329 | D:1      | Found a faded altar of an unknown god.
   993 | D:2      | Reached skill level 5 in Ranged Weapons
   993 | D:2      | Reached XP level 3. HP: 28/31 MP: 2/2
  1394 | D:2      | Reached XP level 4. HP: 38/40 MP: 3/3
  1598 | D:3      | Found a runed translucent gate.
  1599 | D:3      | Found a runed translucent gate.
  1599 | D:3      | Noticed JJisdabomb's ghost (amateur DsFi)
  1600 | D:3      | Found a runed translucent gate.
  2180 | D:3      | Found a sparkling altar of Nemelex Xobeh.
  2363 | D:4      | Noticed a water elemental
  2371 | D:4      | Found a stormy altar of Qazlal.
  2432 | D:4      | Noticed an air elemental
  2437 | D:4      | Noticed a fire elemental
  2440 | D:4      | Noticed an earth elemental
  2645 | D:4      | Reached XP level 5. HP: 39/47 MP: 4/4
  2648 | D:4      | Reached skill level 5 in Fighting
  3019 | D:4      | Found a staircase to the Ecumenical Temple.
  3035 | Temple   | Entered the Ecumenical Temple
  3285 | D:4      | Reached XP level 6. HP: 56/56 MP: 5/5
  3310 | D:4      | Found a shimmering altar of Xom.
  3312 | D:4      | Found a burning altar of Makhleb.
  3418 | D:4      | Found a glowing golden altar of the Shining One.
  3511 | D:5      | Entered Level 5 of the Dungeon
  3572 | D:5      | Noticed Blork the orc
  3712 | D:4      | Slain by a gnoll

Illustrated notes

Levels and vault maps discovered:
D:1:      dpeg_arrival_stone_temple_mockup, layout_loops_corners,
          hellmonk_ecumenical_altar_arch_garden, glass_columns_a,
          minmay_hedge_maze
D:2:      layout_basic
D:3:      layout_loops_cross, nemelex_dance_club_becter, gammafunk_ghost_split
D:4:      layout_loops_ring, grunt_temple_overflow_champion_of_chaos,
          nicolae_qazlal_style_of_elements, kennysheep_little_box,
          minmay_temple_entry_glass, amethyst_killhole,
          minmay_misc_feat_diagonals
D:5:      lemuel_ice_spiral_2, layout_rooms, roderic_filled_cross,
          uniq_blork_the_orc
Temple:   nicolae_temple_bog_church

Skill      XL: |  1  2  3  4  5  6 |
---------------+-------------------+-----
Fighting       | 3 4 5 6 |  6.2
Ranged Weapons | 5 6 |  6.9
Dodging        | |  2.1
Stealth        | |  0.7

Action                   |  1- 3 |  4- 6 || total
-------------------------+-------+-------++-------
Melee: Shortbow          |       |     2 ||     2
 Fire: Shortbow          |   115 |   184 ||   299
  Use: Potion            |       |     3 ||     3
Armor: Leather armour    |    13 |    32 ||    45
       Scale mail        |       |    14 ||    14
Dodge: Dodged            |    27 |    66 ||    93
